 Dungeon Crawl Stone Soup version 0.29.0 (webtiles) character file.

Game seed: 10550608298489757655

4086 kaikaun the Carver (level 10, -5/82 HPs)
             Began as a Gnoll Cinder Acolyte on Sept 2, 2022.
             Was a High Priest of Ignis.
             Slain by an orc warrior
             ... wielding a +0 trident
              (16 damage)
             ... on level 8 of the Dungeon.
             The game lasted 00:35:34 (8220 turns).

kaikaun the Carver (Gnoll Cinder Acolyte)           Turns: 8220, Time: 00:35:35

Health: -5/82      AC: 14    Str: 14    XL:     10   Next: 25%
Magic:  18/28      EV: 13    Int: 13    God:    Ignis [*****.]
Gold:   199        SH:  0    Dex: 12    Spells: 16/21 levels left

rFire   + + +      SeeInvis .   b - +7 whip of Lupupi {holy, rElec rF+ Str-4}
rCold   + . .      Faith    .   (no shield)
rNeg    . . .      Spirit   .   G - +0 leather armour
rPois   .          Reflect  .   x - +0 helmet
rElec   +          Harm     .   Q - +0 cloak
rCorr   .          Rampage  .   (no gloves)
Will    .....                   j - +0 pair of boots
Stlth   ++........              v - amulet of regeneration
HPRegen 1.03/turn               t - ring of magical power
MPRegen 0.21/turn               B - ring of Duffuh {+Blink rF+ rC+ Str+4 Stlth-}

@: fiery-armoured
A: fangs 1, strong nose, distributed training
a: Renounce Religion, Evoke Blink, Fiery Armour, Foxfire Swarm, Rising Flame


You were on level 8 of the Dungeon.
You worshipped Ignis.
Ignis was extremely pleased with you.
You visited 2 branches of the dungeon, and saw 9 of its levels.

You collected 565 gold pieces.
You spent 366 gold pieces at shops.

Inventory:

Hand Weapons
 a - a +4 sling of freezing
 b - the +7 whip of Lupupi (weapon) {holy, rElec rF+ Str-4}
   (You found it on level 4 of the Dungeon)

   It has been blessed by the Shining One to cause great damage to the undead
   and demons.
   Str:       It affects your strength (-4).
   rF:        It protects you from fire.
   rElec:     It insulates you from electricity.
 c - a -1 falchion of flaming
 w - a +2 dagger of draining
 y - a +0 hand axe of flaming
Missiles
 E - 24 poisoned darts
 M - a throwing net
 Y - 3 boomerangs
Armour
 j - a +0 pair of boots (worn)
 x - a +0 helmet (worn)
 G - a +0 leather armour (worn)
 Q - a +0 cloak (worn)
Jewellery
 l - a ring of protection from fire
 t - a ring of magical power (left hand)
 v - an amulet of regeneration (around neck)
 B - the ring of Duffuh (right hand) {+Blink rF+ rC+ Str+4 Stlth-}
   (You found it on level 4 of the Dungeon)

   [ring of protection from fire]

   Str:       It affects your strength (+4).
   rF:        It protects you from fire.
   rC:        It protects you from cold.
   +Blink:    It lets you blink.
   Stlth:     It makes you less stealthy.
Wands
 d - a wand of paralysis (9)
 g - a wand of acid (1)
 s - a wand of digging (6)
 N - a wand of flame (28)
Scrolls
 e - 6 scrolls of teleportation
 f - 3 scrolls of noise {unknown}
 h - a scroll of vulnerability {unknown}
 k - 2 scrolls of silence {unknown}
 n - a scroll of immolation {unknown}
 o - a scroll of brand weapon
 p - 3 scrolls of enchant weapon
 r - 2 scrolls of magic mapping
 u - 2 scrolls of poison {unknown}
 C - 2 scrolls of torment
 I - a scroll of fog
 L - 2 scrolls of acquirement {unknown}
 O - 2 scrolls of amnesia
 P - a scroll of fear {unknown}
 S - a scroll of summoning {unknown}
 U - a scroll of enchant armour {unknown}
 W - 3 scrolls of blinking {unknown}
Potions
 i - a potion of heal wounds
 m - a potion of flight
 q - 4 potions of curing
 z - a potion of berserk rage
 A - 2 potions of haste
 D - 3 potions of magic {unknown}
 F - a potion of attraction
 H - a potion of brilliance
 J - a potion of cancellation
 K - a potion of might
 R - a potion of resistance {unknown}


   Skills:
 + Level 8.5 Fighting
 + Level 5.3 Short Blades
 + Level 8.5 Long Blades
 + Level 5.3 Axes
 + Level 5.3 Maces & Flails
 + Level 5.3 Polearms
 + Level 5.3 Staves
 + Level 5.3 Ranged Weapons
 + Level 5.3 Throwing
 + Level 5.3 Armour
 + Level 5.3 Dodging
 + Level 5.3 Stealth
 + Level 5.3 Shields
 + Level 5.3 Unarmed Combat
 + Level 6.1 Spellcasting
 + Level 4.3 Conjurations
 + Level 4.3 Hexes
 + Level 4.3 Summonings
 + Level 4.3 Necromancy
 + Level 4.3 Translocations
 + Level 4.3 Transmutations
 + Level 7.1 Fire Magic
 + Level 4.3 Ice Magic
 + Level 4.3 Air Magic
 + Level 4.3 Earth Magic
 + Level 4.3 Poison Magic
 + Level 5.8 Invocations
 + Level 5.3 Evocations


You had 16 spell levels left.
You knew the following spells:

 Your Spells              Type           Power      Damage    Failure   Level
a - Scorch                Fire           44%        2d7       1%          2
b - Frozen Ramparts       Ice            30%        1d5       11%         3

Your spell library contained the following spells:

 Spells                   Type           Power      Damage    Failure   Level
 Freeze                   Ice            60%        1d8       3%          1
 Flame Wave               Conj/Fire      18%        2d7       19%         4
 Hailstorm                Conj/Ice       15%        3d5       34%         4
 Summon Cactus Giant      Summ           7%         N/A       99%         6


Dungeon Overview and Level Annotations

Branches:
Dungeon (8/15)             Temple (1/1) D:5
   Lair: D:8-11

Altars:
Ashenzari
Cheibriados
Elyvilon
Gozag
Hepliaklqana
Makhleb
Qazlal
Trog
Uskayaw
Wu Jian
Xom
Yredelemnul
Zin
The Shining One

Shops:
D:2 ?   D:4 *   D:7 (

Annotations:
D:2 dig


Innate Abilities, Weirdness & Mutations

You have very sharp teeth.
Your uncanny sense of smell can sniff out nearby items.
Your experience applies equally to all skills.


Message History

The orc warrior is burned by your cloak of flames.
The orc warrior is severely wounded.
The orc warrior hits you from afar with a +0 trident!
You hit the orc warrior. Your bite misses the orc warrior.
The orc warrior is severely wounded.
The orc warrior closely misses you. x2
You hit the orc warrior.
The orc warrior is almost dead.
You closely miss the orc warrior. Your bite misses the orc warrior.
The orc warrior is almost dead.
The orc warrior misses you.
The orc warrior hits you from afar with a +0 trident!
* * * LOW HITPOINT WARNING * * *
Unknown command.
You hit the orc warrior but do no damage.
You punch the orc warrior, but do no damage.
The orc warrior is almost dead.
The orc warrior closely misses you. x2
Casting: Scorch (safe; 1% risk of failure)
Confirm with . or Enter, or press ? or * to list all spells.
Flames lash the orc warrior but do no damage.
The orc warrior misses you. The orc warrior closely misses you.
Unknown command.
Casting: Scorch (safe; 1% risk of failure)
Confirm with . or Enter, or press ? or * to list all spells.
Flames lash the orc warrior.
The orc warrior is lightly wounded.
The orc warrior's fire resistance burns away.
The orc warrior hits you with a +0 war axe.
* * * LOW HITPOINT WARNING * * *
The orc warrior is burned by your cloak of flames.
The orc warrior is almost dead.
The orc warrior hits you from afar with a +0 trident!
* * * LOW HITPOINT WARNING * * *
You hit the orc warrior but do no damage.
The orc warrior is almost dead.
The orc warrior hits you with a +0 war axe.
* * * LOW HITPOINT WARNING * * *
The orc warrior hits you from afar with a +0 trident!
You die...

.........#.#.##.#.# ####.#
#........#......#.# #.#
................#.# #.#
............#...#.# #.#
.#########..###.#># #.#
.#.......#........# #.#
.#.......#..#...### #.#
.#.[.....'...###########.#
.#.$.....'...†oo@....#(..#
.#.$.....'...#######[#.###
.#.......#..§...# #.#.#
.#.......#..###.# #.#.#
.#########..# #.# #.#.#
............# #.# #.#.#
............# #.# #.#.#
..........### #.# #.#.#
###############.# #.#.#


You could see 2 orc warriors.

Vanquished Creatures
  The ghost of Toastz the Nimble, a journeyman KoSu of Kikubaaqudgha (D:8)
  2 wyverns
  A basilisk (D:8)
  2 steam dragons
  Eustachio (D:4)
  Menkaure (D:5)
  A water moccasin (D:6)
  Duvessa (D:5)
  An ice beast (D:5)
  An orc warrior (D:7)
  An ogre (D:4)
  2 centaurs
  2 phantoms (D:6)
  A bullfrog (D:8)
  2 necrophages
  3 gnoll sergeants
  6 scorpions
  Dowan (D:5)
  5 hounds
  2 jellies
  4 orc priests
  Crazy Yiuf (D:5)
  2 gnoll boudas
  Ijyb (D:3)
  8 orc wizards
  16 gnolls
  7 adders
  2 white imps
  A worm (D:2)
  3 dart slugs
  29 orcs
  5 ball pythons
  6 endoplasms
  3 giant cockroaches
  18 goblins
  9 hobgoblins
  13 kobolds
  3 quokkas
  5 bats
  A frilled lizard (D:1)
  5 rats
179 creatures vanquished.

Vanquished Creatures (others)
  12 plants (D:7)
12 creatures vanquished.

Grand Total: 191 creatures vanquished

Notes
Turn   | Place    | Note
-------+----------+-------------------------------------------
     0 | D:1      | kaikaun the Gnoll Cinder Acolyte began the quest for the
                  | Orb.
     0 | D:1      | Reached XP level 1. HP: 23/23 MP: 4/4
   176 | D:1      | Reached XP level 2. HP: 24/29 MP: 5/5
   179 | D:1      | Learned a level 2 spell: Scorch
   472 | D:1      | Found a faded altar of an unknown god.
   707 | D:2      | Reached XP level 3. HP: 29/35 MP: 7/7
   775 | D:2      | dig
   819 | D:2      | Reached skill level 1 in Invocations
   949 | D:2      | Reached skill level 1 in Short Blades
   949 | D:2      | Reached skill level 1 in Axes
   949 | D:2      | Reached skill level 1 in Maces & Flails
   949 | D:2      | Reached skill level 1 in Polearms
   949 | D:2      | Reached skill level 1 in Staves
   949 | D:2      | Reached skill level 1 in Ranged Weapons
   949 | D:2      | Reached skill level 1 in Throwing
   949 | D:2      | Reached skill level 1 in Armour
   949 | D:2      | Reached skill level 1 in Dodging
   949 | D:2      | Reached skill level 1 in Stealth
   949 | D:2      | Reached skill level 1 in Shields
   949 | D:2      | Reached skill level 1 in Unarmed Combat
   949 | D:2      | Reached skill level 1 in Evocations
  1063 | D:2      | Reached XP level 4. HP: 41/41 MP: 8/8
  1351 | D:2      | Found Plog's Magic Scroll Boutique.
  1357 | D:2      | Bought a scroll of identify for 24 gold pieces
  1357 | D:2      | Bought a scroll of enchant weapon for 90 gold pieces
  1717 | D:3      | Reached skill level 1 in Conjurations
  1717 | D:3      | Reached skill level 1 in Hexes
  1717 | D:3      | Reached skill level 1 in Summonings
  1717 | D:3      | Reached skill level 1 in Necromancy
  1717 | D:3      | Reached skill level 1 in Translocations
  1717 | D:3      | Reached skill level 1 in Transmutations
  1717 | D:3      | Reached skill level 1 in Ice Magic
  1717 | D:3      | Reached skill level 1 in Air Magic
  1717 | D:3      | Reached skill level 1 in Earth Magic
  1717 | D:3      | Reached skill level 1 in Poison Magic
  1770 | D:3      | Noticed Ijyb
  1791 | D:3      | Killed Ijyb
  1883 | D:3      | Reached XP level 5. HP: 47/47 MP: 6/9
  2588 | D:4      | Noticed an ogre
  2610 | D:4      | Killed an ogre
  2611 | D:4      | Reached XP level 6. HP: 52/53 MP: 1/11
  2727 | D:4      | Found Georiust's CLEARANCE SALE!.
  2733 | D:4      | Bought a potion of degeneration for 4 gold pieces
  2733 | D:4      | Bought a scroll of torment for 38 gold pieces
  2855 | D:4      | Identified the ring of Duffuh {+Blink rF+ rC+ Str+4 Stlth-}
  2860 | D:4      | Found a white marble altar of Elyvilon.
  3058 | D:4      | Identified the +7 whip of Lupupi {holy, rElec rF+ Str-4}
  3094 | D:4      | Noticed Eustachio
  3103 | D:4      | Killed Eustachio
  3104 | D:4      | Reached XP level 7. HP: 43/60 MP: 7/12
  3969 | D:5      | Entered Level 5 of the Dungeon
  3975 | D:5      | Noticed Menkaure
  3981 | D:5      | Killed Menkaure
  3982 | D:5      | Reached XP level 8. HP: 59/67 MP: 14/14
  4135 | D:5      | Noticed Dowan
  4137 | D:5      | Noticed Duvessa
  4143 | D:5      | Killed Dowan
  4147 | D:5      | Killed Duvessa
  4308 | D:5      | Found an opulent altar of Gozag.
  4487 | D:5      | Found a staircase to the Ecumenical Temple.
  4496 | Temple   | Entered the Ecumenical Temple
  4496 | Temple   | Found a transporter.
  4496 | Temple   | Found a transporter.
  4498 | Temple   | Found a transporter.
  4498 | Temple   | Found a transporter.
  4840 | D:5      | Found a burning altar of Makhleb.
  4840 | D:5      | Found a hide-covered altar of Uskayaw.
  5079 | D:5      | Found a runed translucent door.
  5080 | D:5      | Noticed Crazy Yiuf
  5086 | D:5      | Killed Crazy Yiuf
  5190 | D:2      | Bought a scroll of brand weapon for 114 gold pieces
  5621 | D:6      | Reached XP level 9. HP: 25/64 MP: 10/16
  5622 | D:6      | Reached skill level 5 in Spellcasting
  5844 | D:6      | Found a glowing golden altar of the Shining One.
  6277 | D:2      | Identified the +4 short sword "Aveonwih" {protect, rF+}
  6317 | D:2      | Bought a scroll of amnesia for 48 gold pieces
  6317 | D:2      | Bought a scroll of identify for 24 gold pieces
  6318 | D:2      | Bought a scroll of identify for 24 gold pieces
  6467 | D:7      | HP: 2/69 [orc warrior/+0 trident (14)]
  6553 | D:7      | Reached skill level 5 in Invocations
  6704 | D:7      | Found Vosutu's Antique Weapon Shoppe.
  6780 | D:7      | Learned a level 3 spell: Frozen Ramparts
  7174 | D:8      | Noticed Toastz's ghost (journeyman KoSu)
  7175 | D:8      | Found a runed translucent gate.
  7176 | D:8      | Found a runed translucent gate.
  7177 | D:8      | Found a runed translucent gate.
  7999 | D:8      | Reached skill level 5 in Short Blades
  7999 | D:8      | Reached skill level 5 in Axes
  7999 | D:8      | Reached skill level 5 in Maces & Flails
  7999 | D:8      | Reached skill level 5 in Polearms
  7999 | D:8      | Reached skill level 5 in Staves
  7999 | D:8      | Reached skill level 5 in Ranged Weapons
  7999 | D:8      | Reached skill level 5 in Throwing
  7999 | D:8      | Reached skill level 5 in Armour
  7999 | D:8      | Reached skill level 5 in Dodging
  7999 | D:8      | Reached skill level 5 in Stealth
  7999 | D:8      | Reached skill level 5 in Shields
  7999 | D:8      | Reached skill level 5 in Unarmed Combat
  7999 | D:8      | Reached skill level 5 in Evocations
  7999 | D:8      | Reached XP level 10. HP: 49/81 MP: 18/18
  8205 | D:8      | Killed Toastz's ghost
  8220 | D:8      | Slain by an orc warrior

Illustrated notes

#.####†###.#.##
........<....... .#
.#.####..#..#### ...
#..#..### ##.##
#####.......##.....
....................
...$.........$......
#######.#.#.........
#.#.#.@#####..
#.#.#..#[$!#..
#.#.#..#))!#..
#.#.#..#(!!#..
#......#####..
#.#.........
#.#......... #
..........
..###.####


Turn 775 on D:2: dig

Levels and vault maps discovered:
D:1:      sevenhm_arrival_forest_fort_small_4, layout_loops_ring,
          ebering_ecumenical_altar_mist
D:2:      layout_basic, serial_shops, nicolae_shop_stone, due_unseen_surprise
D:3:      layout_basic, uniq_ijyb
D:4:      corexii_shantytown, layout_basic, kennysheep_mini_moat,
          nicolae_shop_clearance, uniq_eustachio
D:5:      layout_loops_corners, nicolae_gozag_cash_rules_everything_around_me,
          amethyst_overflow_temple_binary, minmay_temple_entry_butterflies,
          water_maze_lemuel, uniq_crazy_yiuf_cottage, uniq_duvessa,
          uniq_menkaure
D:6:      layout_cave_pools, nicolae_tso_carved_into_rock
D:7:      layout_rooms, serial_shops, shop, nicolae_grassy_gnolls
D:8:      layout_basic, gammafunk_ghost_split
Temple:   hellmonk_temple_divided_pantheon

Skill      XL: |  1  2  3  4  5  6  7  8  9 10 |
---------------+-------------------------------+-----
Invocations    | 1 2 3 4 5 |  5.8
Short Blades   | 1 2 3 5 |  5.3
Axes           | 1 2 3 5 |  5.3
Maces & Flails | 1 2 3 5 |  5.3
Polearms       | 1 2 3 5 |  5.3
Staves         | 1 2 3 5 |  5.3
Ranged Weapons | 1 2 3 5 |  5.3
Throwing       | 1 2 3 5 |  5.3
Armour         | 1 2 3 5 |  5.3
Dodging        | 1 2 3 5 |  5.3
Stealth        | 1 2 3 5 |  5.3
Shields        | 1 2 3 5 |  5.3
Unarmed Combat | 1 2 3 5 |  5.3
Evocations     | 1 2 3 5 |  5.3
Spellcasting   | 3 4 5 6 |  6.1
Conjurations   | 1 2 3 4 |  4.3
Hexes          | 1 2 3 4 |  4.3
Summonings     | 1 2 3 4 |  4.3
Necromancy     | 1 2 3 4 |  4.3
Translocations | 1 2 3 4 |  4.3
Transmutations | 1 2 3 4 |  4.3
Ice Magic      | 1 2 3 4 |  4.3
Air Magic      | 1 2 3 4 |  4.3
Earth Magic    | 1 2 3 4 |  4.3
Poison Magic   | 1 2 3 4 |  4.3
Fighting       | 7 8 |  8.5
Long Blades    | 7 8 |  8.5
Fire Magic     | 6 7 |  7.1

Action                   |  1- 3 |  4- 6 |  7- 9 | 10-12 || total
-------------------------+-------+-------+-------+-------++-------
Melee: Falchion          |    37 |    74 |       |       ||   111
       Bite              |     3 |     8 |    11 |     1 ||    23
       Punch             |       |     2 |     5 |     1 ||     8
       Whip              |       |     7 |   128 |    27 ||   162
 Fire: Sling             |    55 |    77 |   125 |    18 ||   275
 Cast: Scorch            |     3 |    32 |    80 |     9 ||   124
Invok: Fiery Armour      |       |       |     2 |     1 ||     3
Evoke: Wand              |       |       |     1 |       ||     1
  Use: Scroll            |       |     6 |     6 |       ||    12
       Potion            |       |     1 |     3 |     1 ||     5
Armor: Robe              |     8 |     9 |       |       ||    17
       Skin              |       |    11 |       |       ||    11
       Leather armour    |       |    13 |    52 |    19 ||    84
Dodge: Dodged            |    33 |    70 |   162 |    24 ||   289
